 Dungeon Crawl Stone Soup version 0.30.1-4-g462c640d31 (webtiles) character file.

Game seed: 5803512471917697173

97 hawla the Firebug (level 5, -2/38 HPs)
             Began as a Meteoran Fire Elementalist on Aug 21, 2023.
             Slain by a hound (3 damage)
             ... on level 4 of the Dungeon on Aug 22, 2023.
             The game lasted 00:03:15 (430 turns).

hawla the Firebug (Meteoran Fire Elementalist)       Turns: 430, Time: 00:03:15

Health: -2/38      AC:  3    Str:  9    XL:     5   Next: 20%
Magic:  0/11       EV: 13    Int: 19    God:
Gold:   68         SH:  0    Dex: 14    Spells: 4/11 levels left

rFire   + + .        e - +0 quarterstaff
rCold   x . .        (shield currently unavailable)
rNeg    . . .        a - +1 robe
rPois   .            (no helmet)
rElec   .            (no cloak)
rCorr   .            (no gloves)
SInv    .            (no boots)
Will    .....        (no amulet)
Stlth   +            c - ring of fire
HPRegen 0.26/turn    d - ring of protection from fire
MPRegen 0.12/turn

%: no passive effects
@: glowing
A: sense surroundings 1, otherworldly, glowing, explore regen
a: no special abilities


You were on level 4 of the Dungeon.
You visited 1 branch of the dungeon, and saw 4 of its levels.

You collected 68 gold pieces.

Inventory:

Hand Weapons
 e - a +0 quarterstaff (weapon)
Armour
 a - a +1 robe (worn)
Jewellery
 c - a ring of fire (left hand)
 d - a ring of protection from fire (right hand)
Scrolls
 f - a scroll of enchant weapon {unknown}
Potions
 b - a potion of magic


   Skills:
 - Level 0.2 Fighting
 + Level 2.0 Staves
 - Level 2.9 Dodging
 - Level 1.4 Stealth
 - Level 3.7 Spellcasting
 - Level 1.5 Conjurations
 + Level 0.2 Translocations
 - Level 4.8 Fire Magic


You had 4 spell levels left.
You knew the following spells:

 Your Spells              Type           Power      Damage    Failure   Level
a - Foxfire               Conj/Fire      92%        2x1d8     3%          1
b - Scorch                Fire           64%        2d7       3%          2
c - Iskenderun's Mystic   Conj/Tloc      7%         2d4       67%         4

Your spell library contained the following spells:

 Spells                   Type           Power      Damage    Failure   Level
 Apportation              Tloc           8%         N/A       13%         1
 Necrotise                Necr           12%        1d4       14%         1
 Summon Small Mammal      Summ           12%        N/A       14%         1
 Inner Flame              Hex/Fire       19%        N/A       16%         3
 Volatile Blastmotes      Fire/Tloc      38%        2d13      16%         3
 Flame Wave               Conj/Fire      23%        2d8       36%         4
 Fulminant Prism          Conj/Hex       3%         3d5       71%         4
 Lee's Rapid Deconstruct  Erth           1%         3d4*      98%         5


Dungeon Overview and Level Annotations

Branches:
Dungeon (4/15) Zot: 1968
 Temple: D:4-7

Altars:

Annotations:
D:4 3 runed translucent doors, babooboo's ghost, amateur DEEn; hawkwood's ghost, amateur DgAr


Innate Abilities, Weirdness & Mutations

You passively map a small area around you.
You are easily found by Zot.
You glow in the dark.
You regain HP and MP as you explore.


Message History

Confirm with . or Enter, or press ? or * to list all spells.
You feel a surge of power!
You conjure some foxfire!
The giant cockroach bites you. The hound closely misses you.
The giant cockroach barely misses you.
Saving game... please wait.
Level annotation: 3 runed translucent doors, babooboo's ghost, amateur DEEn; hawkwood's ghost, amateur DgAr Welcome back, hawla the Meteoran Fire Elementalist.
Press ? for a list of commands and other information.
You barely miss the hound.
The foxfire hits the hound.
The hound is moderately wounded.
The foxfire hits the giant cockroach.
You kill the giant cockroach!
The hound bites you.
* * * LOW HITPOINT WARNING * * *
The hound closely misses you.
Cast which spell? (? or * to list)
You feel a surge of power!
You conjure some foxfire!
The hound bites you.
* * * LOW HITPOINT WARNING * * *
The hound bites you but does no damage.
Your magical contamination has completely faded away.
You hit the hound.
The hound is moderately wounded.
The foxfire hits the hound!
The hound is almost dead.
The foxfire hits the hound but does no damage.
The hound is almost dead.
The hound bites you.
* * * LOW HITPOINT WARNING * * *
The hound bites you.
* * * LOW HITPOINT WARNING * * *
Okay, then.
You barely miss the hound.
The hound is almost dead.
The hound bites you but does no damage.
You closely miss the hound.
The hound is almost dead.
The hound bites you.
* * * LOW HITPOINT WARNING * * *
The hound bites you.
You die...

.......<..#
#######.#.# *
###########.#.# ,
...).....#.#.# *
##....... ..#.# ,
,,......., ....#
**#.#.#.#*.#..##
######.#.#†# .#..# #
#.....@....##.#..# #
#.####h#.#....#..# #
##.#.#.####..######
,*........!.).....)...
* ,
.......)#.##..######
.##.........<.... .. ,
* ** #.
#####.############ ,.
, #.# ** , , ,,... ,


You could see a hound.

Vanquished Creatures
  A hound (D:4)
  An iguana (D:4)
  2 adders (D:2)
  2 worms (D:2)
  2 endoplasms (D:4)
  3 giant cockroaches
  3 goblins
  A bat (D:2)
  2 frilled lizards (D:2)
  A kobold (D:2)
  A rat (D:2)
19 creatures vanquished.

Vanquished Creatures (others)
  43 foxfires
43 creatures vanquished.

Grand Total: 62 creatures vanquished

Notes
Turn   | Place    | Note
-------+----------+-------------------------------------------
     0 | D:1      | hawla the Meteoran Fire Elementalist began the quest for
                  | the Orb.
     0 | D:1      | Reached XP level 1. HP: 14/14 MP: 5/5
   152 | D:2      | Reached skill level 4 in Fire Magic
   152 | D:2      | Reached XP level 2. HP: 20/20 MP: 5/7
   155 | D:2      | Learned a level 2 spell: Scorch
   195 | D:2      | Reached XP level 3. HP: 26/26 MP: 4/8
   251 | D:2      | You fall into a shaft and drop 1 floor!
   310 | D:4      | Reached XP level 4. HP: 33/33 MP: 4/10
   315 | D:4      | Learned a level 4 spell: Iskenderun's Mystic Blast
   319 | D:4      | Found a runed translucent gate.
   319 | D:4      | Found a runed translucent gate.
   319 | D:4      | Found a runed translucent gate.
   320 | D:4      | Noticed babooboo's ghost (amateur DEEn)
   321 | D:4      | Noticed hawkwood's ghost (amateur DgAr)
   422 | D:4      | Reached XP level 5. HP: 17/38 MP: 1/11
   430 | D:4      | HP: 1/38 [hound (2)]
   430 | D:4      | Slain by a hound

Illustrated notes

Levels and vault maps discovered:
D:1:      scummos_arrival_star, layout_loops_cross
D:2:      layout_basic, dreamdust_ecumenical_altar_grove,
          nicolae_concentric_dashed_squares_wild, kennysheep_flooded_box,
          minmay_misc_feat_tower, minmay_tromino_v4_a
D:3:      gammafunk_steamed_eel, layout_basic, gammafunk_ghost_arena,
          minmay_diced_spiral, uniq_robin, uniq_terence
D:4:      layout_loops_ring, gammafunk_ghost_cemetery,
          chequers_hall_statues_wall_a, nrook_uturn

Skill      XL: |  1  2  3  4 |
---------------+-------------+-----
Spellcasting   | 3 |  3.7
Fire Magic     | 4 |  4.8
Staves         | 2 |  2.0
Fighting       | |  0.2
Dodging        | |  2.9
Stealth        | |  1.4
Conjurations   | |  1.5
Translocations | |  0.2

Action                     |  1- 3 |  4- 6 || total
---------------------------+-------+-------++-------
  Melee: Unarmed           |    19 |       ||    19
         Quarterstaff      |       |    12 ||    12
   Cast: Foxfire           |    22 |     3 ||    25
         Scorch            |     2 |     2 ||     4
    Use: Scroll            |     1 |       ||     1
 Armour: Robe              |     8 |     3 ||    11
  Dodge: Dodged            |    18 |    11 ||    29
